 Dungeon Crawl Stone Soup version 0.30-a0-715-gdb4ae3e (webtiles) character file.

Game seed: 825596091586677565

196 Illumine the Ruffian (level 5, -3/51 (52) HPs)
             Began as a Troll Cinder Acolyte on Jan 24, 2023.
             Was a High Priest of Ignis.
             Slain by an iguana (9 damage)
             ... on level 4 of the Dungeon.
             The game lasted 00:05:57 (2587 turns).

Illumine the Ruffian (Troll Cinder Acolyte)         Turns: 2587, Time: 00:05:58

HP:   -3/51 (52)    AC: 13    Str: 24    XL:     5   Next: 45%
MP:   5/5           EV:  9    Int: 10    God:    Ignis [*****.]
Gold: 67            SH:  0    Dex:  5    Spells: 4/6 levels left

rFire   + . .      SeeInvis .      - Unarmed
rCold   . . .      Faith    .    (no shield)
rNeg    . . .      Spirit   .    a - +1 robe
rPois   .          Reflect  .    (helmet restricted)
rElec   .          Harm     .    v - +0 cloak
rCorr   .          Rampage  .    (gloves unavailable)
Will    .....                    (boots unavailable)
Stlth   +                        (no amulet)
HPRegen 1.08/turn                (no ring)
MPRegen 0.09/turn                (no ring)

@: fiery-armoured, lightly drained
A: large, unfitting armour, claws 3, regeneration 1, shaggy fur 1, tough skin 1
a: Renounce Religion, Fiery Armour, Foxfire Swarm, Rising Flame


You were on level 4 of the Dungeon.
You worshipped Ignis.
Ignis was extremely pleased with you.
You visited 1 branch of the dungeon, and saw 4 of its levels.

You collected 67 gold pieces.

Inventory:

Missiles
 i - 5 javelins
 o - a throwing net (quivered)
 p - 41 stones
Armour
 a - a +1 robe (worn)
 v - a +0 cloak (worn)
Wands
 u - a wand of roots (7)
Scrolls
 c - a scroll of enchant weapon {unknown}
 g - 2 scrolls of blinking {unknown}
 h - a scroll of identify {unknown}
 l - a scroll of fear {unknown}
 m - 2 scrolls of enchant armour
 n - a scroll of teleportation
 q - a scroll of vulnerability {unknown}
Potions
 b - a potion of attraction {unknown}
 d - 2 potions of lignification {unknown}
 e - 4 potions of heal wounds {unknown}
 f - 3 potions of curing {unknown}
 j - a potion of mutation {unknown}
 k - a potion of flight {unknown}
 r - a potion of resistance {unknown}
 s - a potion of berserk rage {unknown}
 t - a potion of brilliance {unknown}


   Skills:
 + Level 2.9 Fighting
 + Level 1.2 Dodging
 * Level 5.6 Unarmed Combat
 - Level 1.0 Spellcasting
 - Level 2.1 Fire Magic


You had 4 spell levels left.
You knew the following spells:

 Your Spells              Type           Power      Damage    Failure   Level
a - Scorch                Fire           8%         2d5       22%         2

Your spell library contained the following spells:

 Spells                   Type           Power      Damage    Failure   Level
 Necrotise                Necr           0%         1d4       34%         1
 Lesser Beckoning         Tloc           0%         N/A       45%         2
 Gell's Gravitas          Tloc           0%         N/A       71%         3
 Teleport Other           Tloc           0%         N/A       71%         3
 Vampiric Draining        Necr           0%         2d6       71%         3
 Cause Fear               Hex            0%         N/A       98%         4
 Summon Lightning Spire   Summ/Air       0%         N/A       98%         4
 Agony                    Necr           0%         N/A       100%        5
 Dragon Form              Tmut           0%         N/A       100%        7
 Storm Form               Tmut/Air       0%         N/A       100%        7
 Maxwell's Capacitive Co  Air            0%         ∞         100%        8
 Dragon's Call            Summ           0%         N/A       100%        9


Dungeon Overview and Level Annotations

Branches:
Dungeon (4/15)
 Temple: D:4-7

Altars:
Dithmenos

Shops:
D:2 ?


Innate Abilities, Weirdness & Mutations

You are too large for most types of armour.
You have claws for hands.
Your natural rate of healing is unusually fast.
You are covered in fur. (AC +1)
You have tough skin. (AC +1)


Message History

The scorpion moves out of view.
An iguana comes into view.
The scorpion stings you but does no damage.
Throw: 42 stones
Press: ? - help, Q - select action, (/) - cycle Shift-Dir - straight line, f - scorpion
Aim: a scorpion (50% to hit)
You throw a stone.
The stone hits the scorpion but does no damage.
The scorpion barely misses you.
Throw: 2 throwing nets
Press: ? - help, Q - select action, (/) - cycle Shift-Dir - straight line, f/p - scorpion
Aim: a scorpion (50% to hit)
You throw a throwing net. The throwing net hits the scorpion.
The scorpion is caught in the net!
The scorpion struggles against the net.
You scratch the scorpion but do no damage.
The scorpion struggles against the net.
The iguana bites you.
You scratch the scorpion but do no damage.
Your claw misses the scorpion.
The scorpion struggles against the net.
The iguana bites you.
You scratch the scorpion.
The scorpion is moderately wounded.
The scorpion struggles against the net.
The iguana bites you!
You scratch the scorpion.
The scorpion is heavily wounded.
The scorpion struggles against the net.
The net rips apart, and the scorpion comes free!
The iguana bites you. The scorpion stings you.
You claw the scorpion!
The scorpion is almost dead.
The iguana bites you! The scorpion closely misses you.
You claw the scorpion!
You kill the scorpion!
The iguana bites you!
* * * LOW HITPOINT WARNING * * *
Your Dodging skill increases to level 1!
You have reached level 5!
A protective cloak of flame settles atop you.
The iguana bites you!
You die...

.............#..#.....######
.............#'##..........#
...........................#
...........................#
..###'##+####..............#
..#.........#....###########
..+...).....#....#
..#...##....#....#
..#...#######...@#
..#.........#..l†#
..+.........#....+
..#########'#....#
.................####
.....................
.............####....
.............# . ..
.............#


You could see an iguana.

Vanquished Creatures
  A scorpion (D:4)
  Ijyb (D:3)
  2 adders
  A worm (D:2)
  9 ball pythons
  9 bats
  11 endoplasms
  4 giant cockroaches
  2 goblins
  5 hobgoblins
  14 kobolds
  8 quokkas
  6 frilled lizards
  7 rats
80 creatures vanquished.

Vanquished Creatures (others)
  7 plants (D:2)
7 creatures vanquished.

Grand Total: 87 creatures vanquished

Notes
Turn   | Place    | Note
-------+----------+-------------------------------------------
     0 | D:1      | Illumine the Troll Cinder Acolyte began the quest for the
                  | Orb.
     0 | D:1      | Reached XP level 1. HP: 22/22 MP: 1/1
    79 | D:1      | Reached XP level 2. HP: 29/29 MP: 2/2
    85 | D:1      | Learned a level 2 spell: Scorch
   198 | D:1      | Reached skill level 4 in Unarmed Combat
   293 | D:1      | Reached XP level 3. HP: 36/36 MP: 3/3
   638 | D:2      | Found Peiklosm's Magic Scroll Boutique.
  1555 | D:2      | Reached XP level 4. HP: 44/44 MP: 4/4
  1562 | D:2      | Reached skill level 5 in Unarmed Combat
  1627 | D:3      | Noticed Ijyb
  1723 | D:3      | Killed Ijyb
  2086 | D:3      | Found a shadowy altar of Dithmenos.
  2573 | D:4      | Noticed a scorpion
  2586 | D:4      | Killed a scorpion
  2587 | D:4      | Reached skill level 1 in Dodging
  2587 | D:4      | Reached XP level 5. HP: 5/51 MP: 5/5
  2587 | D:4      | Slain by an iguana

Illustrated notes

Levels and vault maps discovered:
D:1:      dpeg_arrival_pits, layout_rooms
D:2:      layout_basic, serial_shops, shop, lexackson_kobold_supper
D:3:      layout_loops_cross, nicolae_dithmenos_shadow_blocks, uniq_ijyb
D:4:      layout_gridville, makhleb_altar_promises_db, minmay_misc_feat_enclosed

Skill      XL: |  1  2  3  4 |
---------------+-------------+-----
Unarmed Combat | 4 5 |  5.6
Dodging        | 1 |  1.2
Fighting       | |  2.9
Spellcasting   | |  1.0
Fire Magic     | |  2.1

Action                     |  1- 3 |  4- 6 || total
---------------------------+-------+-------++-------
  Melee: Unarmed           |   166 |    62 ||   228
         Punch             |     2 |     2 ||     4
  Throw: Stone             |     5 |     3 ||     8
         Throwing net      |       |     2 ||     2
   Cast: Scorch            |     2 |       ||     2
 Invoke: Fiery Armour      |       |     1 ||     1
    Use: Scroll            |       |     2 ||     2
 Armour: Robe              |    56 |    23 ||    79
  Dodge: Dodged            |    65 |    20 ||    85

Table legend: (Time is in decaauts)
 A = Elapsed time spent in this place.
 B = Non-inter-level travel time spent in this place.
 C = Inter-level travel time spent in this place.
 D = Time resting spent in this place.
 E = Time spent auto-exploring this place.
 F = Levels seen in this place.
 G = Mean time per level.
                   A        B        C        D        E       F      G
               +--------+--------+--------+--------+--------+-----+--------+
         Total |   2569 |   2433 |    136 |     79 |   1733 |   4 |  642.2 |
       Dungeon |   2569 |   2433 |    136 |     79 |   1733 |   4 |  642.2 |
               +--------+--------+--------+--------+--------+-----+--------+

Top non-repeatable levels by time:
     D:2: 1075 daAuts
     D:3: 705 daAuts
     D:1: 576 daAuts
     D:4: 211 daAuts
